 Dungeon Crawl Stone Soup version 0.19.5 (webtiles) character file.

833 Lizzreth the Skirmisher (level 7, 0/48 HPs)
             Began as a Gargoyle Skald on Mar 15, 2017.
             Was a Follower of Okawaru.
             Slain by a wight
             ... wielding a +0 battleaxe
              (13 damage)
             ... on level 7 of the Dungeon.
             The game lasted 00:20:19 (3937 turns).

Lizzreth the Skirmisher (Gargoyle Skald)            Turns: 3937, Time: 00:20:20

Health: 0/48       AC: 13    Str: 15    XL:     7   Next: 98%
Magic:  10/10      EV: 10    Int: 13    God:    Okawaru [*.....]
Gold:   204        SH:  0    Dex: 11    Spells: 2 memorised, 7 levels left

rFire  . . .     SeeInvis .     a - +0 falchion
rCold  . . .     Gourm    .     r - +0 ring mail
rNeg   + + .     Faith    .     (no shield)
rPois  ∞         Spirit   .     (no helmet)
rElec  +         Reflect  .     h - +0 cloak
rCorr  .         Harm     .     (no gloves)
MR     .....                    e - +1 pair of boots
Stlth  +.........               (no amulet)
                                n - ring of wizardry
                                p - ring of positive energy

@: no status effects
A: negative energy resistance 1, electricity resistance, unbreathing,
petrification resistance, rot immunity, AC +4
a: Heroism, Renounce Religion


You were on level 7 of the Dungeon.
You worshipped Okawaru.
Okawaru was aware of your devotion.
You were not hungry.

You visited 1 branch of the dungeon, and saw 7 of its levels.

You collected 204 gold pieces.

Inventory:

Hand Weapons
 a - a +0 falchion (weapon)
Armour
 b - a +0 leather armour
 e - a +1 pair of boots (worn)
 h - a +0 cloak (worn)
 r - a +0 ring mail (worn)
Jewellery
 j - an uncursed ring of stealth
 n - a ring of wizardry (right hand)
 p - a ring of positive energy (left hand)
Scrolls
 i - 4 scrolls of remove curse
 k - a scroll of noise {unknown}
 l - a scroll of recharging
 m - a scroll of enchant armour
 o - 4 scrolls of identify
 s - 3 scrolls of teleportation
 t - a scroll of enchant weapon {unknown}
 v - 2 scrolls of fog
 y - a scroll of fear {unknown}
 B - a scroll of immolation {unknown}
Potions
 q - a potion of invisibility {unknown}
 w - a potion of degeneration {unknown}
 x - a potion of lignification {unknown}
 z - a potion of berserk rage {unknown}
Books
 c - a book of Battle

   Spells                             Type                      Level
   a - Infusion                       Charms                       1
   b - Shroud of Golubria             Charms/Translocation         2
   c - Song of Slaying                Charms                       2
   d - Spectral Weapon                Hexes/Charms                 3
   e - Regeneration                   Charms/Necromancy            3
Comestibles
 d - 3 bread rations
 f - 3 meat rations
 g - a royal jelly
 u - a beef jerky
 A - 8 fruits


   Skills:
 * Level 7.6 Fighting
 - Level 5.2 Long Blades
 - Level 1.1 Armour
 - Level 0.7 Dodging
 - Level 2.0 Spellcasting
 - Level 2.6 Charms


You had 7 spell levels left.
You knew the following spells:

 Your Spells              Type           Power        Failure   Level  Hunger
a - Infusion              Chrm           #...         7%          1    ##.....
b - Song of Slaying       Chrm           #.......     12%         2    ###....


Dungeon Overview and Level Annotations

Branches:
Dungeon (8/15)             Temple (0/1) D:4            Lair (0/6) D:8

Altars:
Okawaru
Sif Muna
Xom

Shops:
D:4 =

Annotations:
D:3 1 exclusion


Innate Abilities, Weirdness & Mutations

You are resistant to torment.
Your stone body is resilient. (AC +4)
You are immune to poison.
You resist negative energy. (rN+)
You are resistant to electric shocks. (rElec)
You can survive without breathing.
You are immune to petrification.
You are immune to rotting.


Message History

The wight closely misses you.
You closely miss the wight.
The wight is almost destroyed.
You closely miss the wight.
The wight is almost destroyed.
The wight hits you with a battleaxe.
* * * LOW HITPOINT WARNING * * *
You are too injured to fight recklessly!
You are too injured to fight recklessly!
You are too injured to fight recklessly!
You are too injured to fight recklessly!
You are too injured to fight recklessly!
You are too injured to fight recklessly!
You hit the wight.
The wight is almost destroyed.
The wight closely misses you.
You closely miss the wight.
The wight is almost destroyed.
The wight hits you with a battleaxe!
You die...

#+### #... #..#
##..# ##...#####
#......... . #....#
##... #>#..###......
........##.z@......#
####.#####.#######.#
# #.# #.. ###


You could see a wight.

Vanquished Creatures
  A sky beast (D:8)
  2 ogres
  2 scorpions (D:4)
  3 wights (D:7)
  A crimson imp (D:5)
  A jelly (D:5)
  2 orc wizards (D:4)
  An iguana (D:8)
  A bullfrog skeleton (D:4)
  2 worker ants
  A howler monkey zombie (D:5)
  2 adders
  2 oozes
  A worm (D:3)
  4 dart slugs
  2 leopard geckos (D:4)
  16 orcs
  3 bats
  8 giant cockroaches
  3 goblins
  6 hobgoblins
  3 jackals (D:1)
  A quokka (D:4)
  5 frilled lizards
  6 kobolds
  7 rats
86 creatures vanquished.

Vanquished Creatures (others)
  5 fungi (D:8)
  A plant (D:8)
6 creatures vanquished.

Grand Total: 92 creatures vanquished

Notes
Turn   | Place    | Note
-------+----------+-------------------------------------------
     0 | D:1      | Lizzreth the Gargoyle Skald began the quest for the Orb.
     0 | D:1      | Reached XP level 1. HP: 12/12 MP: 3/3
    91 | D:1      | Reached XP level 2. HP: 17/17 MP: 5/5
   460 | D:2      | Reached XP level 3. HP: 21/21 MP: 6/6
   903 | D:3      | Learned a level 2 spell: Song of Slaying
  1021 | D:3      | Reached XP level 4. HP: 17/26 MP: 7/7
  2042 | D:4      | Noticed an ogre
  2051 | D:4      | Killed an ogre
  2051 | D:4      | Reached skill level 5 in Long Blades
  2051 | D:4      | Reached XP level 5. HP: 21/30 MP: 1/8
  2066 | D:4      | Found an iron altar of Okawaru.
  2077 | D:4      | Became a worshipper of Warmaster Okawaru
  2105 | D:4      | Reached skill level 3 in Fighting
  2105 | D:4      | Reached XP level 6. HP: 10/37 MP: 7/9
  2720 | D:4      | Found a staircase to the Ecumenical Temple.
  2757 | D:4      | Found Lomi's Jewellery Shop.
  2841 | D:4      | Reached skill level 4 in Fighting
  3090 | D:4      | Reached skill level 5 in Fighting
  3109 | D:4      | Found a deep blue altar of Sif Muna.
  3241 | D:5      | Entered Level 5 of the Dungeon
  3264 | D:5      | Reached XP level 7. HP: 12/44 MP: 10/10
  3538 | D:5      | Found a shimmering altar of Xom.
  3538 | D:5      | Found a shimmering altar of Xom.
  3539 | D:5      | Found a shimmering altar of Xom.
  3539 | D:5      | Found a shimmering altar of Xom.
  3590 | D:5      | Reached * piety under Okawaru
  3590 | D:5      | Reached skill level 6 in Fighting
  3619 | D:5      | You fall through a shaft for 3 floors!
  3619 | D:8      | Found a staircase to the Lair.
  3819 | D:8      | Reached skill level 7 in Fighting
  3937 | D:7      | Slain by a wight

Skill      XL: |  1  2  3  4  5  6  7 |
---------------+----------------------+-----
Long Blades    | 2 3 5 |  5.2
Fighting       | 3 5 7 |  7.6
Armour         | |  1.1
Dodging        | |  0.7
Spellcasting   | |  2.0
Charms         | |  2.6

Action                   |  1- 3 |  4- 6 |  7- 9 || total
-------------------------+-------+-------+-------++-------
Melee: Falchion          |   132 |   201 |   154 ||   487
 Cast: Infusion          |       |     1 |       ||     1
       Song of Slaying   |       |     2 |     1 ||     3
  Use: Potion            |     6 |       |       ||     6
       Scroll            |     5 |       |       ||     5
  Eat: Chunk             |       |     8 |     3 ||    11
Armor: Leather armour    |    48 |       |       ||    48
       Ring mail         |    43 |    88 |    60 ||   191
Dodge: Dodged            |   104 |    90 |    62 ||   256
       Rpst.: Falchion   |    34 |    31 |    14 ||    79
